 Dungeon Crawl Stone Soup version 0.29-a0-409-gd843f3a48c (webtiles) character file.

Game seed: 11469788980239554505

707 bande the Carver (level 7, -1/53 HPs)
             Began as a Gnoll Wanderer on May 14, 2022.
             Slain by a killer bee (7 damage)
             ... on level 4 of the Dungeon.
             The game lasted 00:10:59 (5486 turns).

bande the Carver (Gnoll Wanderer)                   Turns: 5486, Time: 00:10:59

Health: -1/53      AC:  8    Str: 12    XL:     7   Next: 67%
Magic:  12/12      EV: 14    Int: 15    God:
Gold:   100        SH:  0    Dex:  6    Spells: 12/13 levels left

rFire   + . .      SeeInvis .   y - +7 hand axe "Hellblazer" {flame, rElec rPois Will+ Dex-3}
rCold   + . .      Faith    .   (no shield)
rNeg    + . .      Spirit   .   A - +1 ring mail of Unleder {rPois rF+ rN+ Will+}
rPois   +          Reflect  .   k - +0 helmet
rElec   +          Harm     .   b - +0 cloak
rCorr   .          Rampage  .   (no gloves)
Will    ++...                   (no boots)
Stlth   ++........              (no amulet)
HPRegen 0.17/turn               e - ring of protection from cold
MPRegen 0.13/turn               g - +4 ring of evasion

@: no status effects
A: fangs 1, strong nose, distributed training
a: no special abilities


You were on level 4 of the Dungeon.
You visited 1 branch of the dungeon, and saw 5 of its levels.

You collected 284 gold pieces.
You spent 184 gold pieces at shops.

Inventory:

Hand Weapons
 a - a +2 falchion
 t - a +0 flail
 y - the +7 hand axe "Hellblazer" (weapon) {flame, rElec rPois Will+ Dex-3}
   (You bought it in a shop on level 5 of the Dungeon)

   It burns those it strikes, dealing additional fire damage.
   Big, fiery blades are also staple armaments of hydra-hunters.
   Dex:       It affects your dexterity (-3).
   rElec:     It insulates you from electricity.
   rPois:     It protects you from poison.
   Will:      It increases your willpower.
Armour
 b - a +0 cloak (worn)
 k - a +0 helmet (worn)
 A - the +1 ring mail of Unleder (worn) {rPois rF+ rN+ Will+}
   (You found it on level 5 of the Dungeon)

   rF:        It protects you from fire.
   rPois:     It protects you from poison.
   rN:        It protects you from negative energy.
   Will:      It increases your willpower.
Magical Staves
 o - a staff of cold
 p - a staff of death
Jewellery
 e - a ring of protection from cold (left hand)
 g - a +4 ring of evasion (right hand)
 i - a ring of see invisible
 m - a ring of fire
Wands
 d - a wand of polymorph (7)
Scrolls
 c - 2 scrolls of blinking
 l - a scroll of teleportation
 n - 2 scrolls of immolation
 s - a scroll of identify
 v - a scroll of fear
 x - a scroll of enchant armour {unknown}
Potions
 h - a potion of brilliance {unknown}
 j - 2 potions of flight {unknown}
 q - a potion of ambrosia
 r - 4 potions of attraction {unknown}
 u - 2 potions of berserk rage {unknown}
 w - a potion of mutation {unknown}
 z - a potion of haste {unknown}


   Skills:
 + Level 3.7 Fighting
 + Level 2.6 Short Blades
 + Level 9.0 Long Blades
 + Level 2.6 Axes
 + Level 2.6 Maces & Flails
 + Level 2.6 Polearms
 + Level 2.6 Staves
 + Level 2.6 Slings
 + Level 2.6 Bows
 + Level 2.6 Crossbows
 + Level 2.6 Throwing
 + Level 2.6 Armour
 + Level 2.6 Dodging
 + Level 5.0 Stealth
 + Level 2.6 Shields
 + Level 2.6 Unarmed Combat
 + Level 3.9 Spellcasting
 + Level 2.1 Conjurations
 + Level 2.1 Hexes
 + Level 3.1 Summonings
 + Level 2.1 Necromancy
 + Level 2.1 Translocations
 + Level 2.1 Transmutations
 + Level 2.1 Fire Magic
 + Level 2.1 Ice Magic
 + Level 2.1 Air Magic
 + Level 2.1 Earth Magic
 + Level 2.1 Poison Magic
 + Level 4.0 Invocations
 + Level 2.6 Evocations


You had 12 spell levels left.
You knew the following spells:

 Your Spells              Type           Power      Damage    Failure   Level
a - Summon Small Mammal   Summ           48%        N/A       11%         1

Your spell library contained the following spells:

 Spells                   Type           Power      Damage    Failure   Level
 Call Canine Familiar     Summ           12%        N/A       32%         3
 Portal Projectile        Hex/Tloc       18%        N/A       45%         3
 Blade Hands              Tmut           4%         N/A       99%         5
 Excruciating Wounds      Necr           4%         N/A       99%         5
 Borgnjor's Revivificati  Necr           4%         N/A       100%        8
 Necromutation            Tmut/Necr      4%         N/A       100%        8
 Death's Door             Necr           4%         N/A       100%        9


Dungeon Overview and Level Annotations

Branches:
Dungeon (5/15)
 Temple: D:4-7

Altars:
Ru
Vehumet
The Shining One

Shops:
D:5 (

Annotations:
D:3 2 transporters, sammy202020's ghost, weakling MiFi
D:5 1 runed translucent door


Innate Abilities, Weirdness & Mutations

You have very sharp teeth.
Your uncanny sense of smell can sniff out nearby items.
Your experience applies equally to all skills.


Message History

You miss the killer bee.
You feel sick.
You are no longer poisoned.
The killer bee stings you but does no damage.
The killer bee stings you. The killer bee misses you.
The killer bee stings you.
You closely miss the killer bee.
The killer bee is heavily wounded.
You miss the killer bee. The killer bee completely misses you.
The killer bee misses you. x2; The killer bee stings you.
* * * LOW HITPOINT WARNING * * *
You miss the killer bee. Your bite misses the killer bee.
The killer bee is heavily wounded.
You hit the killer bee. You burn the killer bee. The killer bee misses you.
The killer bee barely misses you. The killer bee stings you!
* * * LOW HITPOINT WARNING * * *
The killer bee misses you. x2; The killer bee closely misses you.
You hit the killer bee. You burn the killer bee.
The killer bee is almost dead.
You miss the killer bee. The killer bee misses you. The killer bee stings you.
* * * LOW HITPOINT WARNING * * *
The killer bee stings you but does no damage.
The killer bee closely misses you.
Unknown command.
You miss the killer bee. Your bite misses the killer bee.
The killer bee is almost dead.
You closely miss the killer bee.
The killer bee stings you but does no damage.
The killer bee misses you.
The killer bee stings you but does no damage.
The killer bee stings you.
* * * LOW HITPOINT WARNING * * *
You feel better. The killer bee completely misses you.
The killer bee barely misses you. The killer bee closely misses you.
The killer bee completely misses you.
You slash the killer bee! You burn the killer bee.
You kill the killer bee!
You barely miss the killer bee. The killer bee stings you.
* * * LOW HITPOINT WARNING * * *
The killer bee stings you!
You die...

#............##.##......)###
#########..####.##.#.###.... ####
#..####...........#. ...#####
#.......##.##.##.... .......#
#...######.##.##.### ##.###.#
#...# #.......# ##.###.# #...#
####.#### .....#.# #..†#######
#.# ## .#.#.#.# #..@......# #.#
#. .#.#.#.#######...y####.# #.#
#.
.#.....................###.#####.
.#.#....................##.##....
.#.#.)##...................##.##.
......##.#####....##.#..##..#.##.
##.##.##.# #.............#<.##.
#.##.##.# #...###.#####..#####
#.......# #...# #.#####..#


You could see a killer bee.

Vanquished Creatures
  Sigmund (D:2)
  An ogre (D:2)
  A scorpion (D:5)
  A killer bee (D:4)
  A jelly (D:5)
  A hound (D:5)
  An orc wizard (D:3)
  An iguana (D:5)
  Terence (D:2)
  Natasha (thrice) (D:2)
  3 gnolls (D:4)
  7 adders
  3 ufetubi (D:5)
  A worm (D:2)
  2 dart slugs (D:1)
  8 orcs
  4 endoplasms
  A giant cockroach (D:1)
  7 goblins
  7 hobgoblins
  2 jackals (D:1)
  4 kobolds
  5 quokkas
  6 ball pythons
  4 bats
  6 frilled lizards
  7 rats
89 creatures vanquished.

Notes
Turn   | Place    | Note
-------+----------+-------------------------------------------
     0 | D:1      | bande the Gnoll Wanderer began the quest for the Orb.
     0 | D:1      | bande set off with the following items: a +2 falchion, a +0
                  | cloak, a scroll of blinking, a +0 robe; and the following
                  | spell memorised: Summon Small Mammal; and the following
                  | spells available to memorise: Call Canine Familiar
     0 | D:1      | Reached XP level 1. HP: 17/17 MP: 4/4
   231 | D:1      | Reached XP level 2. HP: 12/23 MP: 5/5
   913 | D:1      | Found a faded altar of an unknown god.
  1169 | D:1      | Reached XP level 3. HP: 28/28 MP: 7/7
  1535 | D:2      | Noticed Terence
  1547 | D:2      | Killed Terence
  1548 | D:2      | Reached skill level 1 in Short Blades
  1548 | D:2      | Reached skill level 1 in Axes
  1548 | D:2      | Reached skill level 1 in Maces & Flails
  1548 | D:2      | Reached skill level 1 in Polearms
  1548 | D:2      | Reached skill level 1 in Staves
  1548 | D:2      | Reached skill level 1 in Slings
  1548 | D:2      | Reached skill level 1 in Bows
  1548 | D:2      | Reached skill level 1 in Crossbows
  1548 | D:2      | Reached skill level 1 in Throwing
  1548 | D:2      | Reached skill level 1 in Armour
  1548 | D:2      | Reached skill level 1 in Dodging
  1548 | D:2      | Reached skill level 1 in Shields
  1548 | D:2      | Reached skill level 1 in Unarmed Combat
  1548 | D:2      | Reached skill level 1 in Evocations
  1548 | D:2      | Reached XP level 4. HP: 21/34 MP: 8/8
  1582 | D:2      | Found a radiant altar of Vehumet.
  1791 | D:2      | Noticed Sigmund
  1820 | D:2      | Killed Sigmund
  1821 | D:2      | Reached skill level 1 in Conjurations
  1821 | D:2      | Reached skill level 1 in Hexes
  1821 | D:2      | Reached skill level 1 in Necromancy
  1821 | D:2      | Reached skill level 1 in Translocations
  1821 | D:2      | Reached skill level 1 in Transmutations
  1821 | D:2      | Reached skill level 1 in Fire Magic
  1821 | D:2      | Reached skill level 1 in Ice Magic
  1821 | D:2      | Reached skill level 1 in Air Magic
  1821 | D:2      | Reached skill level 1 in Earth Magic
  1821 | D:2      | Reached skill level 1 in Poison Magic
  1821 | D:2      | Reached XP level 5. HP: 21/41 MP: 9/9
  1821 | D:2      | Reached XP level 6. HP: 24/47 MP: 10/10
  2159 | D:2      | Noticed Natasha
  2168 | D:2      | Killed Natasha
  2370 | D:2      | Noticed Natasha
  2394 | D:2      | Killed Natasha
  2483 | D:2      | Noticed Natasha
  2500 | D:2      | Killed Natasha
  3040 | D:3      | Found a sacrificial altar of Ru.
  3060 | D:3      | Reached XP level 7. HP: 50/52 MP: 12/12
  3578 | D:3      | Found a transporter.
  3585 | D:3      | Found a transporter.
  3596 | D:3      | Noticed sammy202020's ghost (weakling MiFi)
  4082 | D:5      | Entered Level 5 of the Dungeon
  4900 | D:5      | Found a runed translucent door.
  4986 | D:5      | Found a glowing golden altar of the Shining One.
  5043 | D:5      | Found Taubluf's Antique Weapon Boutique.
  5051 | D:5      | Bought a scorched hand axe for 184 gold pieces
  5051 | D:5      | Identified the +7 hand axe "Hellblazer" {flame, rElec rPois
                  | Will+ Dex-3} (You bought it in a shop on level 5 of the
                  | Dungeon)
  5078 | D:5      | Identified the +1 ring mail of Unleder {rPois rF+ rN+
                  | Will+}
  5087 | D:5      | Reached skill level 5 in Stealth
  5134 | D:5      | Reached skill level 9 in Long Blades
  5275 | D:5      | Found a runed translucent door.
  5484 | D:4      | HP: 1/53 [killer bee (3)]
  5486 | D:4      | Slain by a killer bee

Illustrated notes

Levels and vault maps discovered:
D:1:      dpeg_arrival_simpleton_a, layout_loops_corners,
          dreamdust_ecumenical_altar_hidden_monk_grotto, minmay_close_crescents
D:2:      layout_basic, basic_altar, uniq_natasha, uniq_terence, uniq_sigmund
D:3:      layout_loops_cross, nicolae_ru_great_annihilating_truth,
          gammafunk_ghost_stat_death
D:4:      layout_loops_cross, kennysheep_generic_room_8
D:5:      lemuel_insect_pit, layout_rooms, mainiacjoe_overflow_surrounded_room,
          serial_shops, shop

Skill      XL: |  1  2  3  4  5  6  7 |
---------------+----------------------+-----
Summonings     | 2 3 |  3.1
Short Blades   | 1 2 |  2.6
Axes           | 1 2 |  2.6
Maces & Flails | 1 2 |  2.6
Polearms       | 1 2 |  2.6
Staves         | 1 2 |  2.6
Slings         | 1 2 |  2.6
Bows           | 1 2 |  2.6
Crossbows      | 1 2 |  2.6
Throwing       | 1 2 |  2.6
Armour         | 1 2 |  2.6
Dodging        | 1 2 |  2.6
Shields        | 1 2 |  2.6
Unarmed Combat | 1 2 |  2.6
Evocations     | 1 2 |  2.6
Spellcasting   | 3 |  3.9
Fighting       | 3 |  3.7
Conjurations   | 1 2 |  2.1
Hexes          | 1 2 |  2.1
Necromancy     | 1 2 |  2.1
Translocations | 1 2 |  2.1
Transmutations | 1 2 |  2.1
Fire Magic     | 1 2 |  2.1
Ice Magic      | 1 2 |  2.1
Air Magic      | 1 2 |  2.1
Earth Magic    | 1 2 |  2.1
Poison Magic   | 1 2 |  2.1
Invocations    | 3 4 |  4.0
Stealth        | 5 |  5.0
Long Blades    | 9 |  9.0

Action                   |  1- 3 |  4- 6 |  7- 9 || total
-------------------------+-------+-------+-------++-------
Melee: Falchion          |    69 |   104 |   141 ||   314
       Bite              |     3 |    10 |    14 ||    27
       Punch             |       |     2 |     1 ||     3
       Hand axe          |       |       |    19 ||    19
 Cast: Summon Small Mamm |     1 |       |       ||     1
  Use: Scroll            |       |     7 |     1 ||     8
       Potion            |       |     2 |     1 ||     3
 Stab: Sleeping          |     7 |       |       ||     7
       Paralysed         |       |     1 |       ||     1
Armor: Robe              |    14 |       |       ||    14
       Scale mail        |       |    29 |    40 ||    69
       Ring mail         |       |       |     8 ||     8
Dodge: Dodged            |    33 |    51 |   143 ||   227

Table legend: (Time is in decaauts)
 A = Elapsed time spent in this place.
 B = Non-inter-level travel time spent in this place.
 C = Inter-level travel time spent in this place.
 D = Time resting spent in this place.
 E = Time spent auto-exploring this place.
 F = Levels seen in this place.
 G = Mean time per level.
                   A        B        C        D        E       F      G
               +--------+--------+--------+--------+--------+-----+--------+
         Total |   5466 |   5426 |     40 |    858 |   3346 |   5 | 1093.2 |
       Dungeon |   5466 |   5426 |     40 |    858 |   3346 |   5 | 1093.2 |
               +--------+--------+--------+--------+--------+-----+--------+

Top non-repeatable levels by time:
     D:2: 1911 daAuts
     D:1: 1333 daAuts
     D:4: 833 daAuts
     D:3: 734 daAuts
     D:5: 653 daAuts
